AoeStats
← Tiafa Teifl

Black Forest

510161507Analyzed
3v3 RM · 4d ago on Sep 29, 2026· 56m 51s· 6 players
Game mode
Random Map
Map size
Normal (6 player)
Population
200
Speed
Normal
Resources
Standard
Victory
Conquest
Starting age
Dark Age
Ending age
Imperial Age
RankedLock teamsTeams togetherTeam positionsShared explorationLock speedFull tech treeHidden civsTurbo modeCheats
Victory
Defeat
🇩🇪 Burgundians · Germany
892
+12
🇦🇹 Romans · Austria
884
+12
🇦🇹 Britons · Austria
792
+17
🇹🇷 Goths · Türkiye
833
-15
🇬🇧 Japanese · United Kingdom
793
-13
🇳🇱 Inca · Netherlands
784
-13
Baco
0:54 Loom
12:25 Feudal Age
13:03 Town Watch
13:55 Wheelbarrow
13:36 Horse Collar
16:00 Double-Bit Axe
18:25 Gold Mining
18:42 Stone Mining
23:30 Castle Age
22:43 Arson
25:05 Caravan
26:54 Town Patrol
26:58 Squires
26:18 Pikeman
29:19 Andean Sling
33:16 Heavy Plow
33:30 Bow Saw
33:57 Gold Shaft Mining
34:02 Stone Shaft Mining
38:18 Imperial Age
36:57 Hand Cart
36:34 Fletching
36:44 Padded Archer Armor
36:45 Scale Mail Armor
36:55 Forging
36:19 Champi Runner
36:30 Elite Skirmisher
36:31 Crossbowman
37:19 Champi Warrior
38:14 Fortified Wall
38:24 Ballistics
38:00 Murder Holes
38:37 Guard Tower
38:59 Masonry
38:23 Onager
40:54 Coinage
40:50 Conscription
40:49 Leather Archer Armor
41:32 Hoardings
41:07 Arbalester
41:54 Thumb Ring
42:23 Ring Archer Armor
42:16 Elite Champi Warrior
43:39 Crop Rotation
43:53 Banking
44:39 Chemistry
45:42 Keep
44:51 Treadmill Crane
45:18 Siege Engineers
44:58 Heavy Scorpion
45:49 Capped Ram
48:18 Fabric Shields
48:17 Sappers
50:40 Bodkin Arrow
51:20 Iron Casting
51:01 Chain Mail Armor
50:34 Halberdier
Spooky Bassoon
14:30 Feudal Age
18:52 Fletching
19:47 Horse Collar
20:24 Loom
23:12 Castle Age
24:05 Scale Mail Armor
25:47 Stone Mining
26:03 Man-at-Arms
26:06 Pikeman
27:56 Forging
30:01 Wheelbarrow
31:07 Bodkin Arrow
37:06 Imperial Age
36:34 Iron Casting
36:15 Chain Mail Armor
43:16 Blast Furnace
42:47 Plate Mail Armor
44:11 Halberdier
48:14 Elite Samurai
KuxoS
0:26 Loom
16:25 Feudal Age
17:24 Horse Collar
17:36 Gold Mining
17:33 Double-Bit Axe
18:54 Wheelbarrow
21:13 Stone Mining
25:55 Castle Age
25:07 Padded Archer Armor
24:58 Fletching
25:18 Forging
25:08 Scale Mail Armor
25:14 Scale Barding Armor
27:07 Hand Cart
27:16 Bow Saw
27:24 Heavy Plow
28:03 Leather Archer Armor
27:43 Bodkin Arrow
29:35 Iron Casting
30:53 Anarchy
32:15 Chain Mail Armor
32:46 Chain Barding Armor
32:31 Squires
34:12 Ballistics
37:27 Imperial Age
37:49 Capped Ram
40:09 Ring Archer Armor
39:40 Bracer
41:26 Chemistry
40:36 Elite Huskarl
45:21 Pikeman
47:13 Blast Furnace
48:15 Halberdier
49:41 Conscription
49:58 Perfusion
Tiafa Teifl
0:27 Loom
11:17 Feudal Age
12:49 Wheelbarrow
12:11 Double-Bit Axe
13:29 Gold Mining
13:43 Horse Collar
21:40 Castle Age
20:39 Stone Mining
23:36 Hand Cart
23:36 Bow Saw
24:14 Forging
24:05 Scale Mail Armor
24:22 Fletching
24:33 Padded Archer Armor
25:33 Heavy Plow
26:12 Gold Shaft Mining
28:03 Bodkin Arrow
30:15 Leather Archer Armor
30:37 Iron Casting
30:57 Yeomen
31:01 Arson
31:17 Squires
30:38 Pikeman
32:35 Chain Mail Armor
34:32 Ballistics
34:06 Heated Shot
39:13 Imperial Age
41:04 Chemistry
41:52 Blast Furnace
41:23 Plate Mail Armor
40:53 Bracer
41:46 Ring Archer Armor
42:58 Halberdier
46:47 Warwolf
46:08 Elite Longbowman
Archimedes420
1:03 Loom
13:38 Feudal Age
13:59 Horse Collar
15:09 Double-Bit Axe
24:04 Castle Age
22:50 Stone Mining
23:29 Gold Mining
25:03 Heavy Plow
25:23 Bow Saw
26:01 Town Watch
27:44 Fletching
29:03 Wheelbarrow
32:30 Imperial Age
30:53 Town Patrol
32:21 Ballistics
32:19 Fortified Wall
32:31 Bodkin Arrow
35:38 Scale Mail Armor
35:48 Forging
36:53 Conscription
38:07 Gold Shaft Mining
38:26 Squires
37:46 Man-at-Arms
38:06 Pikeman
39:58 Crop Rotation
38:54 Long Swordsman
41:14 Hand Cart
41:44 Legionary
44:18 Chain Mail Armor
45:51 Halberdier
53:02 Comitatenses
Haudinida
0:26 Loom
12:20 Feudal Age
10:56 Double-Bit Axe
11:34 Horse Collar
13:23 Bow Saw
14:35 Wheelbarrow
17:20 Gold Mining
17:17 Town Watch
22:16 Castle Age
20:38 Heavy Plow
20:39 Stone Mining
21:18 Caravan
22:08 Gold Shaft Mining
24:25 Hand Cart
31:05 Imperial Age
29:41 Treadmill Crane
30:12 Masonry
29:57 Fletching
30:18 Forging
31:14 Fortified Wall
32:18 Two-Man Saw
31:57 Crop Rotation
31:33 Bodkin Arrow
32:31 Scale Barding Armor
32:29 Bracer
34:20 Chemistry
33:42 Ballistics
33:25 Murder Holes
34:01 Conscription
34:40 Pikeman
35:20 Squires
35:07 Arson
35:27 Scale Mail Armor
36:53 Burgundian Vineyards
38:04 Halberdier
40:35 Hoardings
39:29 Elite Coustillier
40:35 Chain Barding Armor
40:17 Padded Archer Armor
40:33 Chain Mail Armor
41:20 Stone Shaft Mining
41:13 Town Patrol
42:21 Husbandry
43:02 Plate Barding Armor
43:04 Iron Casting
44:10 Elite Skirmisher
46:54 Blast Furnace
46:10 Leather Archer Armor
46:27 Plate Mail Armor
46:30 Architecture
Connection lost

Rejoining the realm…

Still unreachable

The connection could not be restored.

Session expired

The server has moved on; the page needs a fresh start.